AoeStats
← 老鼠踢皮球

Arabia

505914918Analyzed
3v3 RM · 22d ago on Sep 11, 2026· 48m 7s· 6 players
Game mode
Random Map
Map size
Normal (6 player)
Population
200
Speed
Normal
Resources
Standard
Victory
Conquest
Starting age
Dark Age
Ending age
Imperial Age
RankedLock teamsTeams togetherTeam positionsShared explorationLock speedFull tech treeHidden civsTurbo modeCheats
Victory
Defeat
🇿🇦 Sicilians · South Africa
1041
+14
🇺🇸 Italians · United States
1019
+15
🇹🇼 Saracens · Taiwan
1000
+16
🇦🇷 Aztecs · Argentina
1052
-18
🇬🇧 Vietnamese · United Kingdom
1010
-15
🇷🇴 Lithuanians · Romania
930
-12
Alex
12:27 Feudal Age
13:35 Loom
14:18 Horse Collar
14:24 Double-Bit Axe
15:40 Gold Mining
23:04 Castle Age
20:57 Fletching
23:55 Bow Saw
23:11 Crossbowman
23:49 Bodkin Arrow
23:59 Heavy Plow
26:15 Thumb Ring
34:20 Imperial Age
33:52 Ballistics
35:05 Bracer
34:30 Arbalester
38:34 Chemistry
38:10 Scale Barding Armor
40:11 Chain Barding Armor
41:47 Padded Archer Armor
46:02 Paper Money
46:15 Treadmill Crane
46:59 Murder Holes
Clauzzz
5:34 Loom
10:13 Feudal Age
11:03 Double-Bit Axe
11:00 Horse Collar
11:56 Wheelbarrow
21:57 Castle Age
22:54 Thumb Ring
23:25 Hand Cart
24:33 Bow Saw
24:28 Heavy Plow
24:41 Squires
27:45 Elite Skirmisher
27:48 Pikeman
28:37 Fletching
29:47 Padded Archer Armor
29:43 Bodkin Arrow
30:55 Fervor
31:28 Leather Archer Armor
38:04 Imperial Age
36:20 Ballistics
35:57 Murder Holes
36:13 Masonry
36:33 Bloodlines
36:24 Husbandry
36:33 Scale Barding Armor
36:38 Forging
36:26 Light Cavalry
37:35 Town Watch
38:47 Iron Casting
38:57 Cavalier
Anotador
6:55 Loom
9:58 Feudal Age
13:34 Fletching
13:45 Padded Archer Armor
21:33 Castle Age
20:04 Gold Mining
20:16 Horse Collar
20:24 Double-Bit Axe
20:53 Forging
20:44 Scale Mail Armor
22:07 Wheelbarrow
22:15 Crossbowman
23:20 Squires
24:01 Heavy Plow
24:44 Eagle Warrior
Lazerkats
8:58 Feudal Age
7:13 Loom
10:10 Double-Bit Axe
10:43 Man-at-Arms
18:15 Gold Mining
18:13 Horse Collar
24:18 Castle Age
22:36 Fletching
23:25 Padded Archer Armor
24:24 Crossbowman
25:55 Wheelbarrow
27:25 Bow Saw
27:07 Gold Mining
27:07 Stone Mining
27:34 Bodkin Arrow
29:46 Hand Cart
31:19 Bloodlines
33:10 Heavy Plow
37:14 Imperial Age
35:10 Thumb Ring
36:34 Light Cavalry
37:17 Husbandry
37:30 Forging
37:26 Scale Barding Armor
39:19 Iron Casting
39:17 Conscription
38:50 Hussar
45:29 Chain Barding Armor
46:09 Blast Furnace
48:06 Ballistics
48:47 Chemistry
老鼠踢皮球
11:08 Feudal Age
10:51 Loom
11:34 Man-at-Arms
12:34 Double-Bit Axe
20:54 Castle Age
19:30 Loom
19:52 Scale Barding Armor
21:12 Long Swordsman
21:37 Gambesons
22:06 Squires
25:04 Forging
31:45 Arson
48:07 Gold Mining
GreenHydra
9:36 Feudal Age
9:59 Horse Collar
25:04 Castle Age
22:50 Loom
22:58 Arson
23:33 Stone Mining
24:38 Scale Mail Armor
24:58 Forging
24:48 Gold Mining
25:50 Squires
26:08 Chain Mail Armor
27:27 Iron Casting
27:39 Fletching
31:19 Bodkin Arrow
33:41 Wheelbarrow
33:26 Murder Holes
38:35 Imperial Age
36:58 Gold Shaft Mining
37:07 Stone Shaft Mining
38:35 Heavy Plow
40:43 Blast Furnace
41:02 Arrowslits
41:08 Elite Serjeant
42:22 Conscription
43:44 Hand Cart
44:40 Plate Mail Armor
Connection lost

Rejoining the realm…

Still unreachable

The connection could not be restored.

Session expired

The server has moved on; the page needs a fresh start.